 Dungeon Crawl Stone Soup version 0.31.0-12-g77e489cdc1 (webtiles) character file.

Game seed: 12778279048984053133

1111 Silvore the Cudgeller (level 8, -4/70 HPs)
             Began as a Minotaur Fighter on Mar 7, 2024.
             Was an Initiate of the Shining One.
             Shot with an arrow by a centaur (11 damage)
             ... on level 6 of the Dungeon.
             The game lasted 00:04:12 (4526 turns).

Silvore the Cudgeller (Minotaur Fighter)            Turns: 4526, Time: 00:04:12

Health: -4/70      AC: 14    Str: 23    XL:     8   Next: 11%
Magic:  7/7        EV:  7    Int:  5    God:    the Shining One [......]
Gold:   323        SH:  5    Dex: 10    Spells: 7/7 levels left

rFire   + . .        a - +1 flail
rCold   . . .        c - +0 buckler
rNeg    . . .        g - +0 plate armour
rPois   .            (helmet restricted)
rElec   .            m - +0 cloak
rCorr   .            (no gloves)
SInv    .            (no boots)
Will    .....        (no amulet) Stlth
                     f - ring of protection from fire
HPRegen 0.31/turn    (no ring)
MPRegen 0.10/turn

%: no passive effects
@: lethally poisoned (-4 -> -7), glowing
A: horns 2, retaliatory headbutt
a: Renounce Religion


You were on level 6 of the Dungeon.
You worshipped the Shining One.
The Shining One was noncommittal.
You visited 1 branch of the dungeon, and saw 6 of its levels.

You collected 323 gold pieces.

Inventory:

Hand Weapons
 a - a +1 flail (weapon)
Armour
 b - a +0 scale mail
 c - a +0 buckler (worn)
 g - a +0 plate armour (worn)
 j - a +0 chain mail
 m - a +0 cloak (worn)
Jewellery
 f - a ring of protection from fire (left hand)
 i - a +6 ring of intelligence
 l - a ring of see invisible
Wands
 o - a wand of flame (16)
 r - a wand of iceblast (8)
Scrolls
 n - a scroll of immolation
Potions
 d - 4 potions of might
 e - a potion of attraction
 h - a potion of invisibility
 k - a potion of berserk rage {unknown}
 q - 2 potions of brilliance
 s - a potion of degeneration {unknown}


   Skills:
 + Level 5.7 Fighting
 + Level 7.1 Maces & Flails
 + Level 7.1 Armour
 + Level 3.2 Dodging
 + Level 0.1 Stealth
 + Level 5.1 Shields


You had 7 spell levels left.
You didn't know any spells.
Your spell library was empty.

Dungeon Overview and Level Annotations

Branches:
Dungeon (6/15)
 Temple: D:4-7

Altars:
Gozag
The Shining One

Shops:
D:3 *


Innate Abilities, Weirdness & Mutations

You have a pair of horns on your head.
You reflexively headbutt those who attack you in melee.


Message History

You block Menkaure's attack.
The centaur shouts!
You hit Menkaure.
You headbutt Menkaure, but do no damage.
Menkaure is severely damaged.
You feel very sick.
You hear an angry hiss.
The centaur wields a +0 orcbow.
The centaur shoots an arrow.
The arrow barely misses you. The scorpion stings you.
You are more poisoned.
The scorpion poisons you!
The centaur shoots an arrow.
The arrow barely misses you.
You sock Menkaure!
You destroy Menkaure!
The Shining One accepts your kill.
You feel very sick.
The centaur shoots an arrow.
The arrow hits you but does no damage. The scorpion barely misses you.
You furiously retaliate!
You headbutt the scorpion!
Your Maces & Flails skill increases to level 7!
Your Armour skill increases to level 7!
You have reached level 8!
You feel agile.
You hit the scorpion but do no damage.
The scorpion is heavily wounded.
You feel very sick.
The centaur shoots an arrow.
You block the arrow.
The scorpion stings you but does no damage.
The centaur shoots an arrow.
The arrow hits you.
* * * LOW HITPOINT WARNING * * *
You block the scorpion's attack.
You feel sick.
The scorpion stings you but does no damage.
The centaur shoots an arrow.
The arrow hits you.
* * * LOW HITPOINT WARNING * * *
You feel sick.
You feel sick.
Found 7 gold pieces.
You feel sick.
You feel sick.
The centaur shoots an arrow.
The arrow hits you!
You die...

## ###.## .....#.
$#...# .......#
.... .......#
...# #...!.###..#
###.....##...#
#.......#.@..##
...........s..###
##..............
#...............
#.$.............
#..............#
##......c.......
##......$......
.........##.#


You could see a centaur and a scorpion.

Vanquished Creatures
  Menkaure (D:6)
  A black bear (D:4)
  A phantom (D:5)
  4 scorpions (D:4)
  A howler monkey (D:5)
  A bombardier beetle (D:3)
  3 jellies
  3 orc priests
  2 hounds
  Ijyb (D:3)
  2 iguanas
  An orc wizard (D:5)
  6 adders
  A white imp (D:5)
  4 dart slugs
  4 ribbon worms
  11 orcs
  11 ball pythons
  6 endoplasms
  6 giant cockroaches
  7 goblins
  4 hobgoblins
  7 jackals
  6 kobolds
  A quokka (D:4)
  2 bats (D:1)
  3 frilled lizards
  7 rats
107 creatures vanquished.

Notes
Turn   | Place    | Note
-------+----------+-------------------------------------------
     0 | D:1      | Silvore the Minotaur Fighter began the quest for the Orb.
     0 | D:1      | Reached XP level 1. HP: 19/19 MP: 0/0
   103 | D:1      | Reached XP level 2. HP: 27/27 MP: 1/1
   761 | D:2      | Reached XP level 3. HP: 26/33 MP: 2/2
  1031 | D:2      | You fall into a shaft and drop 2 floors!
  1032 | D:4      | Noticed a scorpion
  1035 | D:4      | Killed a scorpion
  1036 | D:4      | Reached XP level 4. HP: 41/41 MP: 3/3
  1091 | D:4      | Reached XP level 5. HP: 43/47 MP: 4/4
  1366 | D:4      | Noticed a black bear
  1377 | D:4      | Killed a black bear
  1378 | D:4      | Reached skill level 5 in Armour
  1378 | D:4      | Reached XP level 6. HP: 49/53 MP: 5/5
  1380 | D:4      | Reached skill level 5 in Maces & Flails
  1432 | D:4      | HP: 2/55 [poisoned by a scorpion]
  1817 | D:3      | Found Xewanloi's General Store.
  1852 | D:3      | Noticed Ijyb
  1870 | D:3      | Killed Ijyb
  2128 | D:3      | Reached XP level 7. HP: 60/60 MP: 6/6
  2496 | D:2      | Reached skill level 5 in Fighting
  3314 | D:4      | Found a glowing golden altar of the Shining One.
  3321 | D:4      | Became a worshipper of the Shining One
  3468 | D:5      | Entered Level 5 of the Dungeon
  3765 | D:5      | Reached skill level 5 in Shields
  3806 | D:5      | Found an opulent altar of Gozag.
  4511 | D:6      | Noticed Menkaure
  4520 | D:6      | Killed Menkaure
  4521 | D:6      | Reached XP level 8. HP: 27/70 MP: 7/7
  4526 | D:6      | Shot with an arrow by a centaur

Illustrated notes

Levels and vault maps discovered:
D:1:      dpeg_arrival_water_temple_mockup, layout_loops_ring,
          minmay_tree_intersection, minmay_misc_feat_chi,
          chequers_serial_rivers_micro_e
D:2:      layout_basic
D:3:      layout_basic, serial_shops, nicolae_shop_tiny_real_fake_doors,
          uniq_ijyb
D:4:      layout_basic, tso_altar
D:5:      layout_cave_pods, mainiacjoe_overflow_paths, chequers_avenue,
          nicolae_letterblocks [nicolae_letter_subblock,
          nicolae_letter_subblock, nicolae_letter_subblock,
          nicolae_letter_subblock, nicolae_letter_subblock,
          nicolae_letter_subblock, nicolae_letter_subblock,
          nicolae_letter_subblock, nicolae_letter_subblock,
          nicolae_letter_subblock, nicolae_letter_subblock,
          nicolae_letter_subblock, nicolae_letter_subblock,
          nicolae_letter_subblock, nicolae_letter_subblock,
          nicolae_letter_subblock, nicolae_letter_subblock,
          nicolae_letter_subblock, nicolae_letter_subblock,
          nicolae_letter_subblock, nicolae_letter_subblock,
          nicolae_letter_subblock, nicolae_letter_subblock,
          nicolae_letter_subblock, nicolae_letter_subblock]
D:6:      layout_cave_pools, minmay_temple_entry_antechambers,
          minmay_misc_feat_cross, uniq_edmund, uniq_prince_ribbit1,
          uniq_menkaure

Skill      XL: |  1  2  3  4  5  6  7 |
---------------+----------------------+-----
Armour         | 4 5 7 |  7.1
Fighting       | 4 5 |  5.7
Maces & Flails | 3 4 5 7 |  7.1
Shields        | 4 5 |  5.1
Dodging        | 2 3 |  3.2
Stealth        | |  0.1

Action                     |  1- 3 |  4- 6 |  7- 9 || total
---------------------------+-------+-------+-------++-------
  Melee: Flail             |    78 |    98 |   100 ||   276
         Headbutt          |     8 |    14 |    21 ||    43
    Use: Scroll            |     3 |       |     8 ||    11
         Potion            |       |     1 |       ||     1
 Armour: Scale mail        |    36 |       |       ||    36
         Chain mail        |    38 |   100 |     5 ||   143
         Plate armour      |       |       |    88 ||    88
  Dodge: Dodged            |    33 |    51 |    42 ||   126
  Block: Buckler           |    25 |    30 |    23 ||    78
